 Dungeon Crawl Stone Soup version 0.19-b1-3-g7dea586 (webtiles) character file.

21 tv1990 the Skirmisher (level 3, -1/29 HPs)
             Began as a Formicid Monk on Oct 29, 2016.
             Slain by a worm (8 damage)
             ... on level 2 of the Dungeon.
             The game lasted 00:02:18 (616 turns).

tv1990 the Skirmisher (Formicid Monk)                Turns: 616, Time: 00:02:19

Health: -1/29      AC:  7    Str: 15    XL:     3   Next: 5%
Magic:  3/3        EV: 12    Int:  9    God:
Gold:   49         SH:  0    Dex: 14    Spells: 0 memorised, 2 levels left

rFire  . . .     SeeInvis +     a - +1 hand axe
rCold  . . .     Gourm    .     i - +0 ring mail
rNeg   . . .     Faith    .     (no shield)
rPois  .         Spirit   .     (helmet unavailable)
rElec  .         Reflect  .     n - +0 cloak
rCorr  .         Harm     .     h - +0 pair of gloves
MR     .....                    (no boots)
Stlth  +.........               (no amulet)
                                (no ring)
                                (no ring)

@: no status effects
A: permanent stasis, dig shafts and tunnels, four strong arms, antennae 3
a: Dig, Shaft Self


You were on level 2 of the Dungeon.
You were not hungry.

You visited 1 branch of the dungeon, and saw 2 of its levels.

You collected 49 gold pieces.

Inventory:

Hand Weapons
 a - a +1 hand axe (weapon)
Armour
 b - a +0 robe
 h - a +0 pair of gloves (worn)
 i - a +0 ring mail (worn)
 n - a +0 cloak (worn)
Potions
 j - 2 potions of agility
 m - a potion of curing {unknown}
 o - a potion of beneficial mutation {unknown}
Comestibles
 c - 2 bread rations
 d - 2 chunks of flesh
 f - 2 meat rations


   Skills:
 + Level 3.5 Fighting
 * Level 3.5 Axes
 + Level 0.0 Armour
 - Level 3.0 Dodging
 - Level 2.4 Stealth


You had 2 spell levels left.
You didn't know any spells.

Dungeon Overview and Level Annotations

Branches:
Dungeon (2/15)

Altars:


Innate Abilities, Weirdness & Mutations

You are under a permanent stasis effect.
You can dig through walls and to a lower floor.
Your four strong arms can wield two-handed weapons with a shield.
You have a pair of large antennae on your head. (SInv)


Message History

The worm barely misses you.
You hit the worm.
The worm is heavily wounded.
The frilled lizard hisses angrily.
The worm bites you but does no damage.
You hit the worm but do no damage.
The worm is moderately wounded.
You hit the worm.
The worm is heavily wounded.
The worm bites you!
You barely miss the worm.
The worm is heavily wounded.
The worm bites you!
* * * LOW HITPOINT WARNING * * *
You hit the worm.
The worm is severely wounded.
You barely miss the worm.
The worm is severely wounded.
The worm bites you!
You die...

..<....#####
###.#......#
#.#..####.######
#.###.###.......# .#
##..#)...!..# #
##.#.#.......##
..#..#.#........#
#.............###.#.#.
##.####.......@w......
#. #.......l.%..... #.
####.......##.#. ..
............
..........##. {
#..........# #
............
...$...#####


You could see a worm and a frilled lizard.

Vanquished Creatures
  A leopard gecko (D:1)
  3 giant cockroaches
  2 goblins (D:1)
  3 hobgoblins (D:1)
  4 bats
  4 frilled lizards (D:1)
  A kobold (D:1)
  2 rats (D:1)
20 creatures vanquished.

Notes
Turn   | Place    | Note
-------+----------+-------------------------------------------
     0 | D:1      | tv1990 the Formicid Monk began the quest for the Orb.
     0 | D:1      | Reached XP level 1. HP: 18/18 MP: 1/1
    84 | D:1      | Reached XP level 2. HP: 24/24 MP: 2/2
   593 | D:2      | Reached XP level 3. HP: 29/29 MP: 3/3
   616 | D:2      | Slain by a worm

Skill      XL: |  1  2 |
---------------+-------+-----
Dodging        | 3 |  3.0
Fighting       | |  3.5
Axes           | |  3.5
Stealth        | |  2.4

Action                   || total
-------------------------++-------
Melee: Hand axe          ||    74
  Use: Scroll            ||     5
 Stab: Sleeping          ||     1
Armor: Robe              ||    13
       Ring mail         ||     5
Dodge: Dodged            ||    41

Table legend:
 A = Turns spent in this place as a percentage of turns spent in the entire game.
 B = Non-inter-level travel turns spent in this place as a percentage of non-inter-level travel turns spent in the entire game.
 C = Inter-level travel turns spent in this place as a percentage of turns spent in this place.
 D = Turns resting spent in this place as a percentage of non-inter-level travel turns spent in this place.
 E = Turns spent auto-exploring this place as a percentage of non-inter-level travel turns spent in this place.
 F = Non-inter-level travel turns spent in this place divided by the number of levels of this place that you've seen.
                   A       B       C       D       E      F
               +-------+-------+-------+-------+-------+----------------------
         Total | 100.0 | 100.0 |   0.5 |   1.0 |  22.5 | 104.5
       Dungeon | 100.0 | 100.0 |   0.5 |   1.0 |  22.5 | 104.5
               +-------+-------+-------+-------+-------+----------------------

Table legend:
 A = Kills in this place as a percentage of kills in entire the game.
 B = Kills by you in this place as a percentage of kills by you in the entire game.
 C = Kills by friends in this place as a percentage of kills by friends in the entire game.
 D = Other kills in this place as a percentage of other kills in the entire game.
 E = Experience gained in this place as a percentage of experience gained in the entire game.
 F = Experience gained in this place divided by the number of levels of this place that you have seen.
                   A       B       C       D       E      F
               +-------+-------+-------+-------+-------+----------------------
         Total | 100.0 | 100.0 |  -nan |  -nan | 100.0 |  15.5
       Dungeon | 100.0 | 100.0 |  -nan |  -nan | 100.0 |  15.5
               +-------+-------+-------+-------+-------+----------------------

Vault maps used:
D:1:      dpeg_arrival_tiny_c
D:2:      lemuel_crystal_altar, old_standard_altar,
          nicolae_ashenzari_panopticon, nicolae_overflow_hidden_temple,
          first_bread, uniq_robin
